 Dungeon Crawl Stone Soup version 0.30-a0-374-g95c0257040 (webtiles) character file.

Game seed: 5760368706786378199

1859 Shayle the Trooper (level 8, 0/97 HPs)
             Began as a Demonspawn Reaver on Nov 27, 2022.
             Slain by a killer bee (4 damage)
             ... on level 6 of the Dungeon.
             The game lasted 00:12:51 (5831 turns).

Shayle the Trooper (Demonspawn Reaver)              Turns: 5831, Time: 00:12:52

Health: 0/97       AC: 24    Str: 13    XL:     8   Next: 89%
Magic:  11/11      EV:  2    Int: 16    God:
Gold:   318        SH:  0    Dex: 12    Spells: 10/11 levels left

rFire   . . .      SeeInvis .    e - +2 dagger (venom)
rCold   . . .      Faith    .    (no shield)
rNeg    . . .      Spirit   .    (body armour currently unavailable)
rPois   +          Reflect  .    (helmet currently unavailable)
rElec   .          Harm     .    (cloak currently unavailable)
rCorr   +          Rampage  .    (gloves currently unavailable)
Will    .....      NoTele   +    (boots currently unavailable)
Stlth   +++.......               (no amulet)
HPRegen 0.36/turn                o - +4 ring of slaying
MPRegen 0.12/turn                y - ring of resist corrosion

@: lethally poisoned (0 -> -28), tree-form, hasted, very quick
A: stationary, stasis, torment immunity, boosted hp, (antennae 1), (large bone
plates 1), demonic magic 2
a: no special abilities


You were on level 6 of the Dungeon.
You were a tree.
You visited 1 branch of the dungeon, and saw 7 of its levels.

You collected 318 gold pieces.

Inventory:

Hand Weapons
 a - a +0 hand axe
 e - a +2 dagger of venom (weapon)
Armour
 b - a +0 leather armour (melded)
 c - the +1 pair of gloves of the Zebra (melded) {+Blink rC++ rN+}
   (You acquired it on level 5 of the Dungeon)

   rC:        It greatly protects you from cold.
   rN:        It protects you from negative energy.
   +Blink:    It lets you blink.
 j - a +1 helmet
 w - a +2 pair of boots (melded)
Jewellery
 n - an amulet of guardian spirit
 o - a +4 ring of slaying (left branch)
 y - a ring of resist corrosion (right branch)
 A - a ring of flight
Wands
 r - a wand of flame (12)
 u - a wand of iceblast (5)
Scrolls
 d - a scroll of enchant weapon {unknown}
 f - 2 scrolls of silence
 g - 2 scrolls of identify
 i - 6 scrolls of fear
 k - 2 scrolls of butterflies
 s - 2 scrolls of summoning {unknown}
 v - a scroll of teleportation {unknown}
Potions
 h - a potion of might
 m - 2 potions of haste
 p - a potion of resistance {unknown}
 q - a potion of brilliance {unknown}
 t - a potion of flight {unknown}
 x - a potion of attraction {unknown}
 z - a potion of magic {unknown}
 B - a potion of degeneration {unknown}


   Skills:
 + Level 6.9 Fighting
 - Level 2.6 Axes
 + Level 5.9 Armour
 - Level 1.7 Dodging
 + Level 6.5 Stealth
 - Level 2.0 Spellcasting
 - Level 3.0 Conjurations


You had 10 spell levels left.
You knew the following spells:

 Your Spells              Type           Power      Damage    Failure   Level
a - Kiss of Death         Conj/Necr      24%        2d7       11%         1

Your spell library contained the following spells:

 Spells                   Type           Power      Damage    Failure   Level
 Magic Dart               Conj           44%        1d5       6%          1
 Momentum Strike          Conj/Tloc      12%        3d8       17%         2
 Call Imp                 Summ           1%         N/A       30%         2
 Cigotuvi's Dreadful Rot  Necr/Pois/Air  2%         N/A       30%         2
 Sublimation of Blood     Necr           1%         N/A       30%         2
 Hailstorm                Conj/Ice       6%         3d4       32%         3
 Mephitic Cloud           Conj/Pois/Air  4%         N/A       38%         3
 Dispel Undead            Necr           1%         3d6       90%         4
 Petrify                  Tmut/Erth      1%         N/A       90%         4
 Irradiate                Conj/Tmut      3%         3d12      97%         5
 Death Channel            Necr           0%         N/A       100%        6


Dungeon Overview and Level Annotations

Branches:
Dungeon (7/15)
 Temple: D:4-7

Altars:
Fedhas

Annotations:
D:5 2 runed translucent doors, sifdire's ghost, novice MiFi
D:6 1 runed translucent door, pigah's ghost, novice OpWn


Innate Abilities, Weirdness & Mutations

You are a tree.
Your roots penetrate the ground, keeping you stationary.
You cannot be teleported.
You are immune to unholy pain and torment.
Your maximum health is greatly increased.
Your equipment is partially melded.
((You have a pair of small antennae on your head.))
((You are partially covered in large bone plates. (SH +4)))
Spells you cast may paralyse nearby enemies.


Message History

The killer bee poisons you! The killer bee closely misses you.
You climb upwards.
Level annotation: 1 runed translucent door, pigah's ghost, novice OpWn You feel very sick.
There is a stone staircase leading down here.
You closely miss the killer bee.
You feel sick. The killer bee stings you.
You are more poisoned.
The killer bee poisons you! The killer bee barely misses you.
The killer bee stings you.
You are more poisoned.
The killer bee poisons you! The killer bee closely misses you.
You closely miss the killer bee.
You feel very sick. The killer bee stings you.
You are lethally poisoned!
The killer bee poisons you!
The killer bee stings you but does no damage.
The killer bee barely misses you. The killer bee stings you.
* * * LOW HITPOINT WARNING * * *
You are more poisoned.
The killer bee poisons you!
It was a potion of haste.
You feel yourself speed up.
* * * LOW HITPOINT WARNING * * *
You feel extremely sick.
The killer bee stings you but does no damage. x2
The killer bee stings you.
* * * LOW HITPOINT WARNING * * *
You are more poisoned.
The killer bee poisons you!
The killer bee stings you but does no damage.
Really quaff the potion of lignification?
You turn into a tree.
The +1 pair of gloves of the Zebra {+Blink rC++ rN+} melds into your body.
Your +2 pair of boots melds into your body.
Your +0 leather armour melds into your body.
Your roots penetrate the ground.
* * * LOW HITPOINT WARNING * * *
You feel very sick. The killer bee barely misses you.
The killer bee stings you.
You die...

#.#..##.# ##'##..
#.......# #.###.
####.#### #.# ##
#.# ##.#### #.#
##...... #.#
####.....#. #.#
#..........
#y######.####.####
#♣y......# #.#
########## #.####
#..... #####
#.#### ##...## #.#
##.###.## #.#
##.## ##.## #.#
#.## ##.#####.####
#.# #..........#


You could see 2 killer bees.

Vanquished Creatures
  Pikel (D:3)
  Eustachio (D:5)
  Duvessa (D:5)
  An orc warrior (D:6)
  2 sky beasts (D:6)
  A black bear (D:6)
  A centaur (D:7)
  A phantom (D:4)
  A lemure (D:3)
  2 necrophages
  Dowan (D:5)
  An orc priest (D:5)
  A jelly (D:6)
  3 hounds
  3 iguanas
  4 orc wizards
  4 adders
  A shadow imp (D:6)
  A white imp (D:5)
  2 ufetubi
  2 worms
  11 orcs
  2 ball pythons
  8 endoplasms
  6 giant cockroaches
  9 goblins
  9 hobgoblins
  4 jackals (D:2)
  7 quokkas
  3 bats (D:2)
  5 frilled lizards
  5 kobolds
  12 rats
116 creatures vanquished.

Notes
Turn   | Place    | Note
-------+----------+-------------------------------------------
     0 | D:1      | Shayle the Demonspawn Reaver began the quest for the Orb.
     0 | D:1      | Reached XP level 1. HP: 16/16 MP: 3/3
   210 | D:1      | Found a faded altar of an unknown god.
   214 | D:1      | Gained mutation: You are partially covered in large bone
                  | plates. (SH +4) [demonic ancestry]
   214 | D:1      | Reached XP level 2. HP: 9/22 MP: 5/5
   220 | D:1      | HP: 1/22 [poisoned by a goblin]
   452 | D:1      | Reached skill level 1 in Stealth
   550 | D:1      | Reached skill level 1 in Armour
   767 | D:1      | Reached XP level 3. HP: 9/28 MP: 6/6
  1763 | D:3      | Reached XP level 4. HP: 34/34 MP: 7/7
  2473 | D:4      | Reached XP level 5. HP: 25/41 MP: 8/8
  2491 | D:4      | HP: 2/41 [something/puff of flame (7)]
  2684 | D:4      | Noticed a phantom
  2725 | D:4      | Killed a phantom
  2726 | D:4      | Gained mutation: Spells you cast may paralyse adjacent
                  | enemies. [demonic ancestry]
  2726 | D:4      | Reached XP level 6. HP: 39/48 MP: 9/9
  2961 | D:4      | Noticed Pikel
  3043 | D:3      | Killed Pikel
  3044 | D:3      | Reached skill level 5 in Fighting
  3044 | D:3      | Gained mutation: Spells you cast may paralyse nearby
                  | enemies. [demonic ancestry]
  3044 | D:3      | Reached XP level 7. HP: 17/56 MP: 7/10
  3565 | D:5      | Entered Level 5 of the Dungeon
  3809 | D:5      | Reached skill level 5 in Stealth
  4181 | D:5      | Found a runed translucent door.
  4186 | D:5      | Noticed sifdire's ghost (novice MiFi)
  4203 | D:5      | Noticed Eustachio
  4229 | D:5      | Killed Eustachio
  4230 | D:5      | Gained mutation: You have a pair of small antennae on your
                  | head. [demonic ancestry]
  4230 | D:5      | Reached XP level 8. HP: 54/64 MP: 11/11
  4239 | D:5      | Identified a scroll of acquirement
  4239 | D:5      | Acquired the +1 pair of gloves of the Zebra {+Blink rC++
                  | rN+}
  4280 | D:5      | Found a runed translucent door.
  4355 | D:5      | Noticed Duvessa
  4356 | D:5      | Noticed Dowan
  4365 | D:5      | Killed Duvessa
  4366 | D:5      | Reached skill level 5 in Armour
  4376 | D:5      | Killed Dowan
  4964 | D:6      | Found a runed translucent door.
  4971 | D:6      | Noticed pigah's ghost (novice OpWn)
  5511 | D:6      | Found a blossoming altar of Fedhas.
  5831 | D:6      | HP: 4/97 [poisoned by a killer bee]
  5831 | D:6      | Slain by a killer bee

Illustrated notes

Levels and vault maps discovered:
D:1:      dpeg_arrival_ratfight, layout_basic, basic_ecumenical_altar
D:2:      layout_basic
D:3:      layout_loops_ring
D:4:      layout_rooms, kennysheep_small_circle, uniq_pikel
D:5:      layout_basic, ebering_ghost_sewer_f, uniq_duvessa, uniq_eustachio
D:6:      layout_loops_corners, fedhas_altar_1, hellmonk_ghost_happy_afterlife
D:7:      nicolae_cairo_tiling_large_dashed, layout_rooms,
          minmay_temple_entry_fiery, hangedman_abyss_or_decor_passed

Skill      XL: |  1  2  3  4  5  6  7  8 |
---------------+-------------------------+-----
Stealth        | 1 2 3 4 5 6 |  6.5
Armour         | 1 2 4 5 |  5.9
Fighting       | 3 5 6 |  6.9
Axes           | |  2.6
Dodging        | |  1.7
Spellcasting   | |  2.0
Conjurations   | |  3.0

Action                   |  1- 3 |  4- 6 |  7- 9 || total
-------------------------+-------+-------+-------++-------
Melee: Hand axe          |    28 |       |       ||    28
       Dagger            |   110 |   114 |   166 ||   390
       Punch             |       |     2 |     3 ||     5
 Cast: Kiss of Death     |       |     2 |       ||     2
  Use: Scroll            |       |     5 |     4 ||     9
       Potion            |       |     2 |     2 ||     4
 Stab: Sleeping          |     4 |     3 |     1 ||     8
       Paralysed         |       |     2 |       ||     2
Armor: Leather armour    |    38 |    39 |    54 ||   131
Dodge: Dodged            |    69 |    35 |    68 ||   172
Block: Other             |    22 |    15 |    35 ||    72

Table legend: (Time is in decaauts)
 A = Elapsed time spent in this place.
 B = Non-inter-level travel time spent in this place.
 C = Inter-level travel time spent in this place.
 D = Time resting spent in this place.
 E = Time spent auto-exploring this place.
 F = Levels seen in this place.
 G = Mean time per level.
                   A        B        C        D        E       F      G
               +--------+--------+--------+--------+--------+-----+--------+
         Total |   5837 |   5670 |    167 |    635 |   3836 |   7 |  833.9 |
       Dungeon |   5837 |   5670 |    167 |    635 |   3836 |   7 |  833.9 |
               +--------+--------+--------+--------+--------+-----+--------+

Top non-repeatable levels by time:
     D:3: 1230 daAuts
     D:5: 1168 daAuts
     D:6: 1084 daAuts
     D:1: 1006 daAuts
     D:4: 744 daAuts
     D:2: 592 daAuts
     D:7: 10 daAuts
